 Dungeon Crawl Stone Soup version 0.31-a0-460-g9e667d4245 (webtiles) character file.

Game seed: 16426986236658574276

258 Dittersdorf the Shield-Bearer (level 6, 0/39 HPs)
             Began as a Gargoyle Fighter on Aug 4, 2023.
             Slain by an ogre
             ... wielding a +0 giant club
              (8 damage)
             ... on level 4 of the Dungeon.
             The game lasted 00:02:54 (2704 turns).

Dittersdorf the Shield-Bearer (Gargoyle Fighter)    Turns: 2704, Time: 00:02:55

Health: 0/39       AC: 12    Str: 21    XL:     6   Next: 16%
Magic:  15/15      EV:  9    Int:  9    God:
Gold:   240        SH:  4    Dex:  9    Spells: 5/5 levels left

rFire   . . .        a - +0 flail
rCold   . . .        c - +0 buckler
rNeg    + . .        b - +0 scale mail
rPois   ∞            (no helmet)
rElec   +            s - +0 cloak {rPois}
rCorr   .            (no gloves)
SInv    .            (no boots)
Will    .....        (no amulet) Stlth
                     n - ring of magical power
HPRegen 0.26/turn    (no ring)
MPRegen 0.14/turn

%: no passive effects
@: no status effects
A: sickness immunity, AC +4, negative energy resistance 1, electricity
resistance, torment resistance 1, petrification resistance
a: no special abilities


You were on level 4 of the Dungeon.
You visited 1 branch of the dungeon, and saw 4 of its levels.

You collected 240 gold pieces.

Inventory:

Hand Weapons
 a - a +0 flail (weapon)
Missiles
 j - 2 throwing nets
Armour
 b - a +0 scale mail (worn)
 c - a +0 buckler (worn)
 s - a +0 cloak of poison resistance (worn)
 u - a +0 plate armour
Jewellery
 n - a ring of magical power (left hand)
 q - a +4 ring of protection
Wands
 o - a wand of light (8)
 v - a wand of paralysis (6)
Scrolls
 e - a scroll of blinking {unknown}
 f - a scroll of vulnerability {unknown}
 g - a scroll of enchant weapon {unknown}
 i - 3 scrolls of teleportation {unknown}
 k - 2 scrolls of poison {unknown}
 p - 4 scrolls of identify {unknown}
Potions
 d - a potion of might
 l - a potion of cancellation {unknown}
 m - a potion of resistance {unknown}
 r - a potion of ambrosia {unknown}
 t - a potion of curing {unknown}


   Skills:
 + Level 4.6 Fighting
 + Level 3.5 Maces & Flails
 + Level 4.6 Armour
 + Level 4.6 Shields


You had 5 spell levels left.
You didn't know any spells.
Your spell library contained the following spells:

 Spells                   Type           Power      Damage    Failure   Level
 Poisonous Vapours        Pois/Air       0%         N/A       89%         2
 Mephitic Cloud           Conj/Pois/Air  0%         N/A       98%         3
 Freezing Cloud           Conj/Ice/Air   0%         6-21      100%        5


Dungeon Overview and Level Annotations

Branches:
Dungeon (4/15)
 Temple: D:4-7

Altars:
Qazlal


Innate Abilities, Weirdness & Mutations

You are immune to sickness and miasma.
Your stone body is resilient. (AC +4)
You are immune to poison.
You resist negative energy. (rN+)
You are resistant to electric shocks. (rElec)
You are resistant to unholy torment.
You are immune to petrification.


Message History

The giant cockroach attacks as you move away!
The giant cockroach bites you but does no damage.
The giant cockroach closely misses you.
You hit the giant cockroach but do no damage.
The giant cockroach misses you. The giant cockroach closely misses you.
You hit the giant cockroach.
The giant cockroach is severely wounded.
The giant cockroach barely misses you.
You barely miss the giant cockroach.
The giant cockroach is severely wounded.
The giant cockroach barely misses you.
Throw: 2 darts (poison)
Press: ? - help, Q - select action, (/) - cycle Shift-Dir - straight line, f - ogre
Aim: an ogre, wielding a +0 giant club (70% to hit)
You throw a poisoned dart. The poisoned dart hits the ogre.
The ogre is poisoned.
Throw: dart (poison)
Press: ? - help, Q - select action, (/) - cycle Shift-Dir - straight line, f/p - ogre
Aim: an ogre, wielding a +0 giant club (lightly wounded, poisoned, 70% to hit)
You throw a poisoned dart. The poisoned dart hits the ogre.
The ogre looks even sicker.
The ogre is lightly wounded.
The ogre hits you with a +0 giant club!!
Ouch! That really hurt!
You sock the ogre!
The ogre is heavily wounded.
The ogre closely misses you.
You hit the ogre.
The ogre is severely wounded.
The ogre hits you with a +0 giant club.
You closely miss the ogre.
The ogre is severely wounded.
The ogre hits you with a +0 giant club!
* * * LOW HITPOINT WARNING * * *
You hit the ogre but do no damage.
The ogre is severely wounded.
You hit the ogre but do no damage.
The ogre is almost dead.
The ogre hits you with a +0 giant club!
You die...

#.##......#...⌠...#
#.###.#####.......# #.#
#.# #...⌠...# #.# #.#
#.......# ## #.# #.#
#.......# #. #># #.#
####'#### #. #.# #.###
#...### #.
#.###.#O#####....#####.
#.....@#BJO............
#####.###..............
##.#.####.#########
##>## #.# ### #.# #.#
#.# #.# #.#


You could see an ogre (poisoned).

Vanquished Creatures
  Crazy Yiuf (D:2)
  2 sleepcaps
  An orc wizard (D:3)
  Natasha (D:4)
  4 gnolls (D:3)
  An adder (D:3)
  A worm (D:2)
  2 dart slugs
  8 orcs (D:3)
  4 bats
  7 endoplasms
  9 giant cockroaches
  5 hobgoblins
  2 quokkas
  5 ball pythons
  3 frilled lizards
  7 goblins
  4 kobolds
  3 rats
70 creatures vanquished.

Notes
Turn   | Place    | Note
-------+----------+-------------------------------------------
     0 | D:1      | Dittersdorf the Gargoyle Fighter began the quest for the
                  | Orb.
     0 | D:1      | Reached XP level 1. HP: 14/14 MP: 1/1
   273 | D:1      | Reached XP level 2. HP: 19/19 MP: 2/2
   757 | D:1      | Reached XP level 3. HP: 23/23 MP: 3/3
  1102 | D:2      | Found a faded altar of an unknown god.
  1321 | D:2      | Found a runed translucent door.
  1322 | D:2      | Noticed Crazy Yiuf
  1427 | D:2      | Killed Crazy Yiuf
  1428 | D:2      | Reached XP level 4. HP: 29/29 MP: 4/4
  1475 | D:3      | Found a stormy altar of Qazlal.
  1564 | D:3      | Reached XP level 5. HP: 24/33 MP: 5/5
  1634 | D:3      | Identified the +0 leather armour "Wamm" {rPois rF+}
  2386 | D:4      | Noticed Natasha
  2395 | D:4      | Killed Natasha
  2396 | D:4      | Reached XP level 6. HP: 32/39 MP: 6/6
  2420 | D:4      | Identified the +8 dagger of the Apocalypse {flame, rC+
                  | Int+3 Dex+2}
  2704 | D:4      | Slain by an ogre

Illustrated notes

Levels and vault maps discovered:
D:1:      lightli_arrival_isolated_outpost, layout_loops_ring
D:2:      layout_rooms, ebering_ecumenical_altar_sacrificial,
          chequers_serial_rivers_small_3, uniq_crazy_yiuf_cottage
D:3:      layout_loops_ring, old_standard_altar, chequers_serial_rivers_marsh
D:4:      layout_loops_ring, mainiacjoe_overflow_cross_hatched,
          nicolae_tso_swordbearing_angel, serial_shops,
          nicolae_shop_window_shopping, gammafunk_ghost_icy,
          kennysheep_generic_room_11, uniq_natasha

Skill      XL: |  1  2  3  4 |
---------------+-------------+-----
Armour         | 4 |  4.6
Fighting       | 4 |  4.6
Shields        | 4 |  4.6
Maces & Flails | 3 |  3.5

Action                     |  1- 3 |  4- 6 || total
---------------------------+-------+-------++-------
  Melee: Flail             |   123 |   142 ||   265
  Throw: Dart              |       |     2 ||     2
  Evoke: Wand              |     2 |       ||     2
 Armour: Scale mail        |    72 |    84 ||   156
  Dodge: Dodged            |    77 |    76 ||   153
  Block: Buckler           |    32 |    41 ||    73

Table legend: (Time is in decaauts)
 A = Elapsed time spent in this place.
 B = Non-inter-level travel time spent in this place.
 C = Inter-level travel time spent in this place.
 D = Time resting spent in this place.
 E = Time spent auto-exploring this place.
 F = Levels seen in this place.
 G = Mean time per level.
                   A        B        C        D        E       F      G
               +--------+--------+--------+--------+--------+-----+--------+
         Total |   2793 |   2682 |    111 |    148 |   1901 |   4 |  698.2 |
       Dungeon |   2793 |   2682 |    111 |    148 |   1901 |   4 |  698.2 |
               +--------+--------+--------+--------+--------+-----+--------+

Top non-repeatable levels by time:
     D:3: 890 daAuts
     D:1: 826 daAuts
     D:2: 697 daAuts
     D:4: 380 daAuts
